 Dungeon Crawl Stone Soup version 0.13.0-65-g2bb7898 (webtiles) character file.

4540 Chiseanne the Chopper (level 10, 0/75 HPs)
             Began as a Demonspawn Fighter on Nov 23, 2013.
             Was a Priest of Makhleb.
             Slain by a centaur warrior (2 damage)
             ... on Level 8 of the Dungeon.
             The game lasted 00:35:58 (7677 turns).

Chiseanne the Chopper (Demonspawn Fighter)          Turns: 7677, Time: 00:35:59

HP   0/75        AC 23     Str 21      XL: 10   Next:  5%
MP   0/15        EV  5     Int 10      God: Makhleb [***...]
Gold 480         SH 22     Dex 16      Spells:  0 memorised,  9 levels left

Res.Fire  : + . .   See Invis. : .   b - -3,-1 war axe (curse)
Res.Cold  : . . .   Warding    : .   p - +3 orc chain mail {rN+}
Life Prot.: + . .   Conserve   : .   c - +0 shield
Res.Poison: .       Res.Corr.  : .   (no helmet)
Res.Elec. : +       Clarity    : .   f - +0 cloak
Sust.Abil.: . .     Spirit.Shd : +   g - +0 pair of orc gloves (curse)
Res.Mut.  : .       Stasis     : .   j - +2 pair of boots
Res.Rott. : .       Flight     : .   i - amulet of guardian spirit
Saprovore : + . .                    (no ring)
                                     n - +4,+2 ring of slaying

@: mighty, drained, somewhat resistant to hostile enchantments, extremely
unstealthy
A: claws 1, berserk 1, powered by pain 1, regeneration 1, saprovore 1,
electricity resistance, AC +4, EV -1
a: Minor Destruction, Lesser Servant of Makhleb, Renounce Religion


You were on level 8 of the Dungeon.
You worshipped Makhleb.
Makhleb was most pleased with you.
You were not hungry.

You visited 2 branches of the dungeon, and saw 9 of its levels.

You collected 460 gold pieces.

Inventory:

Hand weapons
 b - a cursed -3,-1 war axe (weapon)
 m - a +1,+2 falchion of holy wrath
 s - a +2,+0 whip of flaming
Missiles
 u - 29 darts (quivered)
Armour
 c - a +0 shield (worn)
 f - a +0 cloak (worn)
 g - a cursed +0 pair of orcish gloves (worn)
 j - a +2 pair of boots (worn)
 p - a +3 orcish chain mail of positive energy (worn)
Magical devices
 a - a wand of draining (0)
 h - a wand of magic darts (10)
 q - a wand of invisibility (0)
Comestibles
 d - 5 bread rations
 k - 3 meat rations
Scrolls
 e - a scroll of teleportation
 l - 6 scrolls of identify
Jewellery
 i - an amulet of guardian spirit (around neck)
 n - a +4,+2 ring of slaying (left hand)
 v - an uncursed amulet of stasis
Magical staves
 t - an uncursed staff of power


   Skills:
 * Level 6.1(5.9) Fighting
 * Level 6.9(6.7) Axes
 * Level 6.5(6.3) Armour
 - Level 5.0(4.8) Dodging
 * Level 6.7(6.5) Shields
 * Level 3.6(3.4) Invocations


You had 9 spell levels left.
You didn't know any spells.

Dungeon Overview and Level Annotations

Branches:
Dungeon (8/27)             Temple (1/1) D:5             Orc (0/4) D:8
   Lair: D:8-13

Altars:
Ashenzari
Cheibriados
Elyvilon
Fedhas
Kikubaaqudgha
Makhleb
Nemelex Xobeh
Okawaru
Sif Muna
Trog
Vehumet
Xom
Yredelemnul
Zin
the Shining One

Annotations:
D:5 Edmund
D:8 Gastronok


Innate Abilities, Weirdness & Mutations

You have sharp fingernails.
You are completely covered in molten scales (AC +4, EV -1, rF+).
You sometimes gain a little power by taking damage.
You can tolerate rotten meat.
You tend to lose your temper in combat.
Your natural rate of healing is unusually fast.
You are resistant to electric shocks.


Message History

* * * LOW HITPOINT WARNING * * *
Your chain mail prevents you from hitting it.
You hit the goliath beetle but do no damage.
The goliath beetle is lightly wounded.
Your shield and chain mail prevent you from hitting the centaur warrior.
The centaur warrior is moderately wounded.
It hits you.
* * * LOW HITPOINT WARNING * * *
You block the centaur warrior's attack. The goliath beetle bites you!
* * * LOW HITPOINT WARNING * * *
You focus on the pain.
You feel very mighty all of a sudden.
You hit the goliath beetle.
The goliath beetle is lightly wounded.
You hit it.
Your chain mail prevents you from hitting the centaur warrior.
The centaur warrior is moderately wounded.
It hits you but does no damage. The centaur warrior hits you.
You die...

#######################
..........[............
.......................
###...................
#.>.................
#..(.############...
#....# #... #..@.# #...
#.B.c# #... #...)# #...
......# ........
.......... .........
......... ...


You could see a goliath beetle and a centaur warrior.

Vanquished Creatures
  Pikel (D:8)
  The ghost of Chiseanne the Shield-Bearer, an experienced DsFi of Makhleb (D:6)
  Maurice (D:7)
  An item mimic (D:7)
  A hippogriff (D:7)
  5 ogres
  2 orc warriors (D:8)
  An ice beast (D:6)
  A black bear (D:6)
  The ghost of Dangerdog the Magician, an average DEWz (D:4)
  4 killer bees (D:8)
  A jelly (D:7)
  A quasit (D:7)
  A centaur zombie (D:7)
  2 goliath beetles
  3 crimson imps
  A hound (D:7)
  5 orc priests
  6 orc wizards
  7 worker ants
  2 iguanas
  A scorpion (D:5)
  Ijyb (D:5)
  An ogre skeleton (D:6)
  A hound zombie (D:5)
  A mummy (D:6)
  A worker ant zombie (D:8)
  7 adders
  12 gnolls
  2 shadow imps (D:4)
  4 worms
  A goliath beetle zombie (D:7)
  An iguana zombie (D:7)
  A scorpion zombie (D:8)
  A giant eyeball (D:5)
  An ooze (D:3)
  29 orcs
  3 ball pythons
  11 bats
  A bat skeleton (D:4)
  13 goblins
  9 hobgoblins
  17 kobolds
  6 giant cockroaches
  5 giant geckos
  A giant newt (D:3)
  A giant spore (D:8)
  3 jackals (D:1)
  An orc zombie (D:7)
  14 rats
  2 ballistomycetes (D:8)
  2 fungi (D:1)
202 creatures vanquished.

Vanquished Creatures (others)
  A giant frog (D:8)
  An orc wizard (D:4)
  An adder (D:8)
3 creatures vanquished.

Grand Total: 205 creatures vanquished

Notes
Turn   | Place    | Note
--------------------------------------------------------------
     0 | D:1      | Chiseanne, the Demonspawn Fighter, began the quest for the Orb.
     0 | D:1      | Reached XP level 1. HP: 18/18 MP: 0/0
   310 | D:1      | Gained mutation: You are partially covered in molten scales (AC +1). [demonic ancestry]
   310 | D:1      | Reached XP level 2. HP: 8/24 MP: 1/1
  1111 | D:2      | Gained mutation: You sometimes gain a little power by taking damage. [demonic ancestry]
  1111 | D:2      | Reached XP level 3. HP: 30/30 MP: 0/2
  1213 | D:2      | Reached skill level 1 in Dodging
  1307 | D:2      | Found a shimmering altar of Xom.
  1859 | D:3      | Reached XP level 4. HP: 33/36 MP: 3/3
  2484 | D:4      | Noticed Dangerdog's ghost (average DEWz)
  2486 | D:4      | Gained mutation: You are mostly covered in molten scales (AC +3, EV -1). [demonic ancestry]
  2486 | D:4      | Reached XP level 5. HP: 31/42 MP: 4/4
  2754 | D:4      | Gained mutation: Your natural rate of healing is unusually fast. [potion of mutation]
  2754 | D:4      | Gained mutation: You tend to lose your temper in combat. [potion of mutation]
  2754 | D:4      | Gained mutation: You are resistant to electric shocks. [potion of mutation]
  2777 | D:4      | Noticed an ogre
  3021 | D:4      | Killed an ogre
  3021 | D:4      | Reached skill level 4 in Shields
  3021 | D:4      | Gained mutation: You can tolerate rotten meat. [demonic ancestry]
  3021 | D:4      | Reached XP level 6. HP: 48/48 MP: 5/5
  3465 | D:4      | Killed Dangerdog's ghost
  3465 | D:4      | Gained mutation: You are completely covered in molten scales (AC +4, EV -1, rF+). [demonic ancestry]
  3465 | D:4      | Reached XP level 7. HP: 46/54 MP: 4/6
  3613 | D:5      | Entered Level 5 of the Dungeon
  3678 | D:5      | Found a staircase to the Ecumenical Temple.
  3687 | Temple   | Entered the Ecumenical Temple
  3895 | Temple   | Became a worshipper of Makhleb the Destroyer
  3992 | D:5      | Found a bloodstained altar of Trog.
  4394 | D:5      | Acquired Makhleb's first power
  4429 | D:5      | Noticed Ijyb
  4454 | D:5      | Killed Ijyb
  4704 | D:5      | Noticed Edmund
  4984 | D:6      | Reached XP level 8. HP: 59/61 MP: 7/7
  5034 | D:6      | Found a white marble altar of Elyvilon.
  5037 | D:6      | Found a radiant altar of Vehumet.
  5077 | D:6      | Noticed Chiseanne's ghost (experienced DsFi)
  5215 | D:6      | Killed Chiseanne's ghost
  5215 | D:6      | Reached skill level 5 in Shields
  5299 | D:6      | Reached skill level 5 in Axes
  5393 | D:6      | Reached skill level 5 in Armour
  5444 | D:6      | Reached skill level 5 in Fighting
  5838 | D:6      | Reached skill level 5 in Dodging
  6094 | D:7      | Acquired Makhleb's second power
  6249 | D:7      | Gained mutation: You have sharp fingernails. [demonic ancestry]
  6249 | D:7      | Reached XP level 9. HP: 67/67 MP: 8/8
  6273 | D:7      | Killed a pile of gold mimic
  6273 | D:7      | Reached skill level 1 in Invocations
  6720 | D:8      | Reached skill level 6 in Axes
  6731 | D:8      | Acquired Makhleb's third power
  6775 | D:8      | Paralysed by a potion of paralysis for 2 turns
  6900 | D:8      | Noticed Gastronok
  6913 | D:8      | Noticed a seven-headed hydra
  7086 | D:8      | Noticed Maurice
  7567 | D:7      | Killed Maurice
  7590 | D:8      | Noticed Pikel
  7613 | D:8      | Killed Pikel
  7613 | D:8      | Reached XP level 10. HP: 75/75 MP: 12/14
  7659 | D:8      | Found a staircase to the Orcish Mines.
  7665 | D:8      | Noticed a centaur warrior
  7676 | D:8      | HP: 1/75 [goliath beetle (15)]
  7677 | D:8      | Slain by a centaur warrior

Action                   |  1- 3 |  4- 6 |  7- 9 | 10-12 || total
-------------------------+-------+-------+-------+-------++-------
Melee: Hand axe          |   212 |   207 |   255 |       ||   674
       War axe           |       |       |   284 |    14 ||   298
Evoke: Wand              |       |     6 |    44 |       ||    50
  Use: Scroll            |     5 |     3 |    12 |       ||    20
       Potion            |       |     6 |     7 |       ||    13
 Stab: Paralysed         |       |     4 |    11 |       ||    15
